← All builds
Pond / Armada / Economy first / OBSERVED BUILD

Standard pond

Armada Pond build order · Supreme Isthmus

Economy-first Pond with Bot Lab and Tidal boosting for allies, sending units front and teching into Advanced Metal Extractor as usual.

#eco #team support · 299 distinct matches · 132 players · 15% of Armada Pond games · team won 46% of 306 · Recently observed

HOW TO PLAY IT

Key timing: Bot Lab by 3:41

  1. Drop tidal and wind turbines fast to start boosting the fronts.
  2. Add mex and keep wind count above 10 for boost.
  3. Put down the bot lab and start pushing basic bots to front.
  4. Open a second bot lab and keep feeding units forward.
  5. Transition into T2 with an advanced mex and switch army to Tick/Pawn/Blitz.

Phase by phase

TYPICAL OF ITS 299 GAMES
  1. 1
  2. 2
  3. 3
PLAY THE OPENING

Follow the example game's first 6:00 step by step: what to build now, what comes next, and where it goes. At 1× it keeps pace with your own game.

  1. 1

    Up to the Bot Lab

    Economy
    • Metal Extractor4Mex
    • Tidal Generator8Tidalfor allies
    • Wind Turbine4Wind
    • Tidal Generator1Tidal
    • Energy Storage1Energy storage
    Order
    1. Bot LabBot Lab after 4 mex, 4 wind, 1 tidaldone ~3:38, middle half 3:12–4:57

    By 3:21 in all: 4 mex · 4 wind · 1 tidal · 1 energy storage

    The example game in this phase · 7 steps
    1. Tidal ×8for Suicide front
    2. Tidal
    3. Mex ×4
    4. Wind ×2
    5. Energy storage
    6. Wind
    7. Bot LabBot Labdone 3:17 · typical 3:38
  2. 2

    Bot Lab to 5:00

    Economy
    • Wind Turbine1Wind
    Builders
    • Construction Bot2 Con bot

    Some games also: con turret (44%) · Lazarus (43%) · converter (35%)

    By 5:00 in all: 4 mex · 8 wind · 1 tidal · 1 converter · 1 energy storage · 1 con turret

    The example game in this phase · 15 steps
    1. Construction BotCon bot
    2. LazarusLazarus
    3. Wind ×3
    4. LazarusLazarus
    5. TickTick
    6. Wind
    7. TickTick
    8. Wind
    9. TickTick
    10. LazarusLazarus
    11. Converter
    12. LazarusLazarus
    13. Converter ×5
    14. Construction BotCon bot
    15. Con turret
  3. 3

    5:00 to 10:00

    Economy
    • Wind Turbine28Wind
    • Energy Converter6Converter
    Builders
    • Construction Turret1 Con turret

    Some games also: con bot (50%) · tick (43%) · pawn (34%) · eat Bot Lab (49%)

    By 10:00 in all: 4 mex · 38 wind · 1 tidal · 9 converter · 1 energy storage · 3 con turret

    The example game in this phase · 83 steps
    1. Converter ×2
    2. Con turret
    3. Wind
    4. Con turret
    5. Wind ×10
    6. Bot LabEat Bot Labreclaimed for its metal
    7. Wind ×32
    8. Con turret
    9. Vehicle PlantVehicle Plantdone 7:56
    10. Converter
    11. Con turret
    12. Converter ×3
    13. BlitzBlitz
    14. Converter
    15. BlitzBlitz
    16. Converter
    17. BlitzBlitz ×2
    18. Converter ×2
    19. BlitzBlitz
    20. Converter
    21. BlitzBlitz
    22. Converter
    23. BlitzBlitz ×2
    24. Converter
    25. BlitzBlitz
    26. Energy storage
    27. Converter
    28. Wind
    29. BlitzBlitz
    30. Converter
    31. Wind
    32. Energy storage
    33. Converter
    34. Wind
    35. Vehicle PlantEat Vehicle Plantreclaimed for its metal
    36. Wind
    37. Converter
    38. Advanced Metal ExtractorT2 mexdone 10:34 · typical 9:03
    39. Wind
    40. Converter
    41. Wind
    42. Advanced Metal ExtractorT2 mex
    43. Converter
    44. Advanced Metal ExtractorT2 mex ×2
    45. Con turret
    46. Wind
    47. JunoJuno
    48. Fusion ReactorFusiondone 12:16
    49. Wind ×3
    50. Con turret
    51. Converter
    52. Wind ×3
    53. Converter
    54. Wind ×2
    55. Converter ×3
    56. Wind ×2
    57. Converter
    58. Advanced Bot LabAdvanced Bot Labdone 13:17
    59. Wind ×5
    60. Converter
    61. Wind ×5
    62. Converter
    63. SprinterSprinter ×2
    64. Wind
    65. SprinterSprinter
    66. Wind
    67. SprinterSprinter
    68. Wind
    69. SprinterSprinter
    70. Wind
    71. SprinterSprinter
    72. Converter
    73. SprinterSprinter ×3
    74. Wind
    75. SprinterSprinter
    76. Converter
    77. SprinterSprinter ×3
    78. Wind
    79. SprinterSprinter
    80. Wind
    81. SprinterSprinter
    82. Wind
    83. SmugglerJammer bot

Counts are medians over the build's games: half of them build more, half fewer. The example game is Godmother13's (39 OS, 12/10/2026); pick another.

Team trades

IN AT LEAST 30% OF ITS GAMES

You hand over

  • Tidal Generator8 Tidal to Suicide front or Frontfirst at 0:11 · in 94% of games

You get

  • Advanced Construction Bot1 T2 con bot from Techfirst at 7:37 · in 84% of games

How it plays out

Typical game of this build, running totals by minute

Metal produced

010k20k30k
0:005:0010:0015:00

metal

Enemy metal destroyed

01k2k3k
0:005:0010:0015:00

metal

Own metal lost

02k4k
0:005:0010:0015:00

metal

306 games.

Show as table
ByMetal produced: This buildEnemy metal destroyed: This buildOwn metal lost: This build
1:0011500
2:0026800
3:0079900
4:00147300
5:00218400
6:00299100
7:003903210
8:004942170123
9:006223379320
10:007725605545
11:009695809834
12:001207511691289
13:001460815531876
14:001752420702512
15:002026625723249
WHAT THE NUMBERS SAY

This is the role's baseline line, winning under half its games with mid economy and modest kills versus losses by 15:00.

  • + Reaches T2 constructor by 8:09 in 91% of games, a reliable tempo.
  • − Team wins only 46% of games, no edge over the role's norm.
THE EXAMPLE YOU ARE READING

Godmother13

39.1 OS · 12/10/2026

Open source match ↗

2 received units · includes a constructor
1377 metal received · 37628 energy received

Allied construction assistance is unknown. Timings are observations, not a promise of solo reproducibility.

Typical milestones

Bot Lab3:38Middle 50%: 3:12–4:57 · n=279
Advanced Metal Extractor9:03Middle 50%: 7:59–10:04 · n=263

Played most by

EpicTyrannus14games of this buildViltrum13games of this buildzeus_on_god11games of this buildHunfore8games of this build_[BOBO]_7games of this build